 Dungeon Crawl Stone Soup version 0.30-a0-743-gbfdf073431 (webtiles) character file.

Game seed: 14497088753842282606

7957 epen the Skirmisher (level 11, -16/84 HPs)
             Began as a Gnoll Wanderer on Feb 5, 2023.
             Was a Believer of Cheibriados.
             Demolished by a red ugly thing (22 damage)
             ... on level 9 of the Dungeon.
             The game lasted 00:13:34 (8549 turns).

epen the Skirmisher (Gnoll Wanderer)                Turns: 8549, Time: 00:13:35

Health: -16/84     AC: 17    Str: 20    XL:     11   Next: 23%
Magic:  21/21      EV: 15    Int: 17    God:    Cheibriados [**....]
Gold:   605        SH:  0    Dex: 20    Spells: 23/23 levels left

rFire   . . .      SeeInvis .    a - +1 war axe
rCold   + . .      Faith    .    (no shield)
rNeg    . . .      Spirit   .    u - +3 ring mail {Will+}
rPois   .          Reflect  .    h - +0 helmet
rElec   .          Harm     .    (no cloak)
rCorr   .          Rampage  .    F - +1 pair of gloves
Will    +....                    (no boots)
Stlth   +++                      (no amulet)
HPRegen 0.34/turn                e - ring of protection from cold
MPRegen 0.17/turn                o - +4 ring of protection

@: mighty, very slow
A: fangs 1, strong nose, distributed training
a: Renounce Religion, Bend Time


You were on level 9 of the Dungeon.
You worshipped Cheibriados.
Cheibriados was pleased with you.
You visited 2 branches of the dungeon, and saw 10 of its levels.
You also visited: Ossuary.

You collected 605 gold pieces.

Inventory:

Hand Weapons
 a - a +1 war axe (weapon)
 b - a +0 sling
 d - a +0 dire flail of protection
 G - a +0 hand axe of venom
 H - a +0 shortbow
Armour
 c - a +0 ring mail
 h - a +0 helmet (worn)
 n - a +0 pair of gloves
 u - a +3 ring mail of willpower (worn)
 F - a +1 pair of gloves (worn)
Jewellery
 e - a ring of protection from cold (left hand)
 g - a ring of magical power
 o - a +4 ring of protection (right hand)
 r - a +6 ring of strength
Wands
 l - a wand of polymorph (7)
 p - a wand of charming (7)
Scrolls
 k - 3 scrolls of magic mapping
 s - 2 scrolls of immolation
 w - 3 scrolls of enchant weapon
 C - 8 scrolls of identify
 I - 3 scrolls of enchant armour
Potions
 i - a potion of cancellation
 j - a potion of resistance
 m - 3 potions of attraction
 q - 5 potions of ambrosia
 t - 2 potions of flight
 v - a potion of curing
 x - 4 potions of degeneration
 z - 5 potions of brilliance
 A - 3 potions of haste
 D - a potion of lignification
 E - 2 potions of might


   Skills:
 + Level 7.2 Fighting
 + Level 6.7 Short Blades
 + Level 6.7 Long Blades
 + Level 8.2 Axes
 + Level 6.7 Maces & Flails
 + Level 6.7 Polearms
 + Level 6.7 Staves
 + Level 10.8 Ranged Weapons
 + Level 6.7 Throwing
 + Level 7.2 Armour
 + Level 7.2 Dodging
 + Level 6.7 Stealth
 + Level 6.7 Shields
 + Level 6.7 Unarmed Combat
 + Level 6.7 Spellcasting
 + Level 5.5 Conjurations
 + Level 5.5 Hexes
 + Level 5.5 Summonings
 + Level 5.5 Necromancy
 + Level 5.5 Translocations
 + Level 5.5 Transmutations
 + Level 5.5 Fire Magic
 + Level 5.5 Ice Magic
 + Level 5.5 Air Magic
 + Level 5.5 Earth Magic
 + Level 5.5 Poison Magic
 + Level 7.3 Invocations
 + Level 7.2 Evocations


You had 23 spell levels left.
You didn't know any spells.
Your spell library contained the following spells:

 Spells                   Type           Power      Damage    Failure   Level
 Apportation              Tloc           48%        N/A       1%          1
 Beastly Appendage        Tmut           48%        N/A       1%          1
 Necrotise                Necr           96%        1d8       1%          1
 Sting                    Tmut/Pois      96%        1d7       1%          1
 Summon Small Mammal      Summ           96%        N/A       1%          1
 Poisonous Vapours        Pois/Air       48%        N/A       2%          2
 Wereblood                Tmut           24%        N/A       2%          2
 Gell's Gravitas          Tloc           24%        N/A       5%          3
 Spider Form              Tmut/Pois      24%        N/A       5%          3
 Teleport Other           Tloc           24%        N/A       5%          3
 Cause Fear               Hex            12%        N/A       19%         4
 Olgreb's Toxic Radiance  Pois           24%        N/A       19%         4
 Petrify                  Tmut/Erth      24%        N/A       19%         4
 Metabolic Englaciation   Hex/Ice        12%        N/A       45%         5
 Dispersal                Tloc           12%        N/A       96%         6
 Statue Form              Tmut/Erth      16%        N/A       96%         6
 Dragon Form              Tmut           12%        N/A       100%        7
 Dragon's Call            Summ           12%        N/A       100%        9


Dungeon Overview and Level Annotations

Branches:
Dungeon (9/15)             Temple (1/1) D:7         Ossuary (visited)
   Lair: D:8-11         Orc: D:9-12

Altars:
Cheibriados
Dithmenos
Fedhas
Hepliaklqana
Kikubaaqudgha
Makhleb
Nemelex Xobeh
Qazlal
Ru
Uskayaw
Vehumet
Wu Jian
Zin
The Shining One

Shops:
D:3 (


Innate Abilities, Weirdness & Mutations

You have very sharp teeth.
Your uncanny sense of smell can sniff out nearby items.
Your experience applies equally to all skills.


Message History

The cyclops completely misses you.
You slice the cyclops!!
The cyclops is heavily wounded.
The cyclops closely misses you.
You slash the cyclops!
The cyclops is severely wounded.
The deep elf pyromancer casts a spell.
The deep elf pyromancer blinks!
The cyclops attacks as you move away! The cyclops hits you.
The deep elf pyromancer gestures at you while chanting.
The bolt of fire misses you.
You closely miss the deep elf pyromancer.
Your punch misses the deep elf pyromancer.
You bite the deep elf pyromancer.
The deep elf pyromancer is lightly wounded.
The deep elf pyromancer hits you but does no damage.
You miss the deep elf pyromancer. You bite the deep elf pyromancer!
The deep elf pyromancer is moderately wounded.
The deep elf pyromancer mumbles some strange words.
The deep elf pyromancer blinks!
You barely miss the cyclops. You bite the cyclops.
The cyclops is almost dead.
The deep elf pyromancer gestures wildly while chanting.
The deep elf pyromancer blinks!
The cyclops barely misses you.
You slash the cyclops!
You kill the cyclops!
Cheibriados appreciates the change of pace.
You start resting.
There are monsters nearby!
You closely miss the red ugly thing. The red ugly thing tail-slaps you.
You are engulfed in flames!
* * * LOW HITPOINT WARNING * * *
You closely miss the red ugly thing. The red ugly thing barely misses you.
The red ugly thing tail-slaps you but does no damage.
You slash the red ugly thing! You bite the red ugly thing!
The red ugly thing is moderately wounded.
The red ugly thing tail-slaps you!
* * * LOW HITPOINT WARNING * * *
You are engulfed in flames!!
You die...

#.# #.........)))#
#.# #.#
####......#))###.#
#.# #......#......# ∆
.....##...###..#####
######...###..#......
...###..#.#..####
.###..#.#.#..#
###..#.#.#.#..#
###@.#.#.#.#.#..#
#.u##..#.#.#.#.##
#..#.###..#.#.#.#
#..## uE####..#.#.#
#... ○#E° ###..# ∆
... .###. #### .#
Y#B###. ∆ Y...=##
.#/###. ∆


You could see a red ugly thing.

Vanquished Creatures
  A centaur warrior (D:9)
  Amaemon (D:8)
  A cyclops (D:9)
  An orange demon (D:8)
  Maggie (D:8)
  A hornet (D:7)
  Prince Ribbit (D:6)
  Edmund (D:4)
  Duvessa (D:4)
  A black bear (D:6)
  3 ice beasts
  6 orc warriors
  2 centaurs
  2 phantoms
  4 bullfrogs
  A kobold brigand (D:9)
  A necrophage (D:4)
  A gnoll sergeant (D:8)
  2 scorpions
  4 killer bees (D:8)
  A howler monkey (D:5)
  A jelly (D:8)
  A human zombie (Ossuary)
  4 hounds
  7 orc priests
  6 iguanas
  5 orc wizards
  5 mummies
  Robin (D:3)
  3 gnolls (D:8)
  6 adders
  A shadow imp (D:7)
  A white imp (D:5)
  An adder zombie (Ossuary)
  2 worms
  A dart slug (D:5)
  28 orcs
  5 bats
  5 endoplasms
  5 giant cockroaches
  A gnoll zombie (Ossuary)
  15 goblins
  6 hobgoblins
  7 jackals
  9 kobolds
  2 quokkas
  6 ball pythons
  A frilled lizard (D:1)
  2 goblin zombies (Ossuary)
  A jackal zombie (Ossuary)
  3 kobold zombies (Ossuary)
  2 orc zombies (Ossuary)
  6 rats
  A rat zombie (Ossuary)
187 creatures vanquished.

Vanquished Creatures (collateral kills)
  Dowan (D:4)
1 creature vanquished.

Vanquished Creatures (others)
  11 plants (D:4)
11 creatures vanquished.

Grand Total: 199 creatures vanquished

Notes
Turn   | Place    | Note
-------+----------+-------------------------------------------
     0 | D:1      | epen the Gnoll Wanderer began the quest for the Orb.
     0 | D:1      | epen set off with the following items: a +0 war axe, a +0
                  | sling, a +0 ring mail, a scroll of summoning.
     0 | D:1      | Reached XP level 1. HP: 17/17 MP: 1/1
    47 | D:1      | Reached XP level 2. HP: 22/23 MP: 2/2
   297 | D:1      | Reached XP level 3. HP: 25/28 MP: 3/3
   718 | D:2      | Reached skill level 1 in Invocations
   869 | D:2      | Reached skill level 1 in Short Blades
   869 | D:2      | Reached skill level 1 in Long Blades
   869 | D:2      | Reached skill level 1 in Maces & Flails
   869 | D:2      | Reached skill level 1 in Polearms
   869 | D:2      | Reached skill level 1 in Staves
   869 | D:2      | Reached skill level 1 in Throwing
   869 | D:2      | Reached skill level 1 in Stealth
   869 | D:2      | Reached skill level 1 in Shields
   869 | D:2      | Reached skill level 1 in Unarmed Combat
   869 | D:2      | Reached skill level 1 in Spellcasting
  1168 | D:2      | Reached XP level 4. HP: 6/34 MP: 5/5
  1557 | D:3      | Noticed Robin
  1567 | D:2      | Reached skill level 1 in Conjurations
  1567 | D:2      | Reached skill level 1 in Hexes
  1567 | D:2      | Reached skill level 1 in Summonings
  1567 | D:2      | Reached skill level 1 in Necromancy
  1567 | D:2      | Reached skill level 1 in Translocations
  1567 | D:2      | Reached skill level 1 in Transmutations
  1567 | D:2      | Reached skill level 1 in Fire Magic
  1567 | D:2      | Reached skill level 1 in Ice Magic
  1567 | D:2      | Reached skill level 1 in Air Magic
  1567 | D:2      | Reached skill level 1 in Earth Magic
  1567 | D:2      | Reached skill level 1 in Poison Magic
  1628 | D:3      | Killed Robin
  1727 | D:3      | Found Saare's Antique Weapon Boutique.
  1999 | D:3      | Reached XP level 5. HP: 22/41 MP: 5/7
  2452 | D:4      | Noticed Duvessa
  2481 | D:4      | Killed Duvessa
  2481 | D:4      | Noticed Dowan
  2482 | D:4      | Reached skill level 5 in Axes
  2482 | D:4      | Reached XP level 6. HP: 22/47 MP: 7/9
  2490 | D:4      | Killed Dowan
  2751 | D:4      | Reached XP level 7. HP: 52/52 MP: 10/10
  3198 | D:4      | Noticed Edmund
  3234 | D:4      | Killed Edmund
  3235 | D:4      | Reached skill level 9 in Ranged Weapons
  3381 | D:4      | Found a glowing golden altar of the Shining One.
  3659 | D:5      | Entered Level 5 of the Dungeon
  3817 | D:5      | Reached XP level 8. HP: 34/60 MP: 12/12
  5081 | D:6      | Found an ornate altar of the Wu Jian Council.
  5146 | D:6      | Found a stormy altar of Qazlal.
  5158 | D:6      | Found a blossoming altar of Fedhas.
  5476 | D:6      | Noticed Prince Ribbit
  5496 | D:6      | Killed Prince Ribbit
  5897 | D:7      | Found a staircase to the Ecumenical Temple.
  5907 | Temple   | Entered the Ecumenical Temple
  5931 | Temple   | Became a worshipper of Cheibriados the Contemplative
  5977 | D:7      | Reached XP level 9. HP: 66/66 MP: 14/14
  6156 | D:7      | Reached skill level 5 in Fighting
  6156 | D:7      | Reached skill level 5 in Armour
  6156 | D:7      | Reached skill level 5 in Dodging
  6156 | D:7      | Reached skill level 5 in Evocations
  6191 | D:7      | Noticed a hornet
  6196 | D:7      | Killed a hornet
  6204 | D:7      | Reached * piety under Cheibriados
  6500 | D:8      | Reached skill level 10 in Ranged Weapons
  6500 | D:8      | Reached skill level 5 in Conjurations
  6500 | D:8      | Reached skill level 5 in Hexes
  6500 | D:8      | Reached skill level 5 in Summonings
  6500 | D:8      | Reached skill level 5 in Necromancy
  6500 | D:8      | Reached skill level 5 in Translocations
  6500 | D:8      | Reached skill level 5 in Transmutations
  6500 | D:8      | Reached skill level 5 in Fire Magic
  6500 | D:8      | Reached skill level 5 in Ice Magic
  6500 | D:8      | Reached skill level 5 in Air Magic
  6500 | D:8      | Reached skill level 5 in Earth Magic
  6500 | D:8      | Reached skill level 5 in Poison Magic
  6500 | D:8      | Reached XP level 10. HP: 24/77 MP: 15/19
  6601 | D:8      | Found a sand-covered staircase.
  6650 | Ossuary  | Entered an ossuary
  7130 | D:8      | Reached ** piety under Cheibriados
  7310 | D:8      | Noticed an orange demon
  7311 | D:8      | Noticed Amaemon
  7328 | D:8      | Killed Amaemon
  7351 | D:8      | HP: 3/77 [poisoned by an orange demon]
  7590 | D:8      | Noticed Maggie
  7740 | D:8      | Killed Maggie
  8244 | D:8      | Killed an orange demon
  8245 | D:8      | Reached XP level 11. HP: 50/84 MP: 20/20
  8517 | D:9      | Noticed a centaur warrior
  8517 | D:9      | Noticed a red ugly thing
  8517 | D:9      | Noticed a wizard
  8517 | D:9      | Noticed a cyclops
  8517 | D:9      | Noticed a deep elf pyromancer
  8529 | D:9      | Killed a centaur warrior
  8537 | D:9      | Noticed a catoblepas
  8537 | D:9      | Noticed a boulder beetle
  8545 | D:9      | Killed a cyclops
  8549 | D:9      | Demolished by a red ugly thing

Illustrated notes

Levels and vault maps discovered:
D:1:      lordsloth_arrival_two_stooges, layout_loops_ring
D:2:      layout_rooms
D:3:      layout_basic, serial_shops, nicolae_shop_crystal, st_stairs_10,
          hex_medium, uniq_robin
D:4:      layout_basic, mainiacjoe_overflow_alcove_2, serial_bayou_lagoon_a,
          uniq_edmund, uniq_duvessa
D:5:      layout_layer_cave, grunt_ministairs_14
D:6:      layout_gridville, grunt_temple_overflow_forces_of_nature,
          kennysheep_little_box, uniq_prince_ribbit1
D:7:      layout_rooms, minmay_temple_entry_glass, minivault_22,
          grunt_decor_fettered
D:8:      layout_basic, gup_ossuary_entry_pyramid, uniq_maggie, uniq_amaemon
D:9:      minmay_the_grid_triangle_9x9_recursive_2
          [minmay_the_grid_triangle_9x9_prize_top_heavy,
          minmay_the_grid_triangle_9x9_corruption,
          minmay_the_grid_triangle_9x9_flanged_cone,
          minmay_the_grid_triangle_9x9_negative_grid], layout_loops_ring,
          hiddenorc1_lemuel
Temple:   eino_narrow_crystal_temple

Skill      XL: |  1  2  3  4  5  6  7  8  9 10 |
---------------+-------------------------------+-----
Invocations    | 1 2 3 4 6 7 |  7.3
Short Blades   | 1 2 3 6 |  6.7
Long Blades    | 1 2 3 6 |  6.7
Maces & Flails | 1 2 3 6 |  6.7
Polearms       | 1 2 3 6 |  6.7
Staves         | 1 2 3 6 |  6.7
Throwing       | 1 2 3 6 |  6.7
Stealth        | 1 2 3 6 |  6.7
Shields        | 1 2 3 6 |  6.7
Unarmed Combat | 1 2 3 6 |  6.7
Spellcasting   | 1 2 3 6 |  6.7
Conjurations   | 1 2 3 5 |  5.5
Hexes          | 1 2 3 5 |  5.5
Summonings     | 1 2 3 5 |  5.5
Necromancy     | 1 2 3 5 |  5.5
Translocations | 1 2 3 5 |  5.5
Transmutations | 1 2 3 5 |  5.5
Fire Magic     | 1 2 3 5 |  5.5
Ice Magic      | 1 2 3 5 |  5.5
Air Magic      | 1 2 3 5 |  5.5
Earth Magic    | 1 2 3 5 |  5.5
Poison Magic   | 1 2 3 5 |  5.5
Fighting       | 3 4 6 7 |  7.2
Armour         | 3 4 6 7 |  7.2
Dodging        | 3 4 6 7 |  7.2
Evocations     | 3 4 6 7 |  7.2
Axes           | 5 6 7 8 |  8.2
Ranged Weapons | 9 10 | 10.8

Action                     |  1- 3 |  4- 6 |  7- 9 | 10-12 || total
---------------------------+-------+-------+-------+-------++-------
  Melee: War axe           |   114 |   119 |   222 |   246 ||   701
         Bite              |    10 |    14 |    15 |    40 ||    79
         Punch             |     1 |     1 |     5 |    13 ||    20
   Fire: Shortbow          |       |       |    43 |     4 ||    47
  Throw: Throwing net      |       |     1 |       |       ||     1
  Evoke: Wand              |       |       |    11 |     5 ||    16
    Use: Scroll            |     1 |     6 |    11 |    11 ||    29
         Potion            |       |     2 |     1 |     5 ||     8
   Stab: Held in net/web   |       |     1 |       |       ||     1
         Sleeping          |       |       |     1 |     3 ||     4
 Armour: Ring mail         |    56 |    62 |   145 |   196 ||   459
         Skin              |       |     4 |       |       ||     4
  Dodge: Dodged            |    66 |    79 |   159 |   244 ||   548

Table legend: (Time is in decaauts)
 A = Elapsed time spent in this place.
 B = Non-inter-level travel time spent in this place.
 C = Inter-level travel time spent in this place.
 D = Time resting spent in this place.
 E = Time spent auto-exploring this place.
 F = Levels seen in this place.
 G = Mean time per level.
                   A        B        C        D        E       F      G
               +--------+--------+--------+--------+--------+-----+--------+
         Total |   9252 |   8960 |    292 |   1559 |   5556 |  11 |  841.1 |
       Dungeon |   8822 |   8540 |    282 |   1442 |   5372 |   9 |  980.2 |
        Temple |     57 |     48 |      9 |     20 |      0 |   1 |   57.0 |
       Ossuary |    372 |    372 |      0 |     97 |    184 |   1 |  372.0 |
               +--------+--------+--------+--------+--------+-----+--------+

Top non-repeatable levels by time:
     D:8: 1941 daAuts
     D:4: 1505 daAuts
     D:5: 1269 daAuts
     D:3: 841 daAuts
     D:6: 810 daAuts
     D:2: 794 daAuts
     D:1: 721 daAuts
     D:7: 718 daAuts
 Ossuary: 372 daAuts
     D:9: 220 daAuts
  Temple: 57 daAuts
